General information
- name: mort
- type: Custom game
- host: Mortar-teaM
- saver: HoneyBlunt
map: LostTemple
- players: 3
- length: 13:53
- speed: Fast
- version: 1.23 W3XP
- replay type: Public
» download(42 KB)
Players
team 1 (winner)
Turky (
red | 65 APM | 899 actions | 13:53)
5 Archmage
3 Summon Water Elemental
2 Brilliance Aura
3 Mountain King
2 Storm Bolt
1 Thunder Clap
1 Paladin
1 Holy Light
» actions
| Assign group hotkey | 92 | |
| Basic commands | 10 | |
| Build / train | 71 | |
| Enter build submenu | 28 | |
| Enter hero's abilities submenu | 9 | |
| Right click | 246 | |
| Select / deselect | 255 | |
| Select group hotkey | 118 | |
| Use ability | 70 | |
899 total
» units
| Peasant | 19 | |
| Footman | 9 | |
| Siege Engine | 7 | |
| Goblin Shredder | 1 | |
36 total
» upgrades
| Defend | 1 | |
| Masonry | 3 | |
| Gunpowder | 2 | |
| Plating | 2 | |
| Lumber Harvesting | 2 | |
| Animal War Training | 1 | |
11 total
» buildings
| Altar of Kings | 1 | |
| Barracks | 1 | |
| Farm | 11 | |
| Town Hall | 2 | |
| Lumber Mill | 1 | |
| Keep | 1 | |
| Blacksmith | 1 | |
| Scout Tower | 8 | |
| Guard Tower | 6 | |
| Castle | 1 | |
| Workshop | 2 | |
35 total
» build order
00:07 Altar of Kings
00:20 Barracks
00:35 Farm
01:05 Farm
01:41 Farm
02:44 Farm
03:38 Town Hall
04:58 Lumber Mill
05:40 Keep
06:33 Farm
06:48 Blacksmith
06:56 Scout Tower
06:58 Scout Tower
07:08 Scout Tower
07:09 Scout Tower
07:24 Guard Tower
07:26 Guard Tower
07:37 Guard Tower
07:39 Guard Tower
07:57 Farm
08:03 Castle
08:35 Workshop
08:37 Workshop
09:09 Farm
09:17 Farm
09:53 Farm
10:03 Farm
11:09 Scout Tower
12:40 Town Hall
12:54 Scout Tower
12:57 Scout Tower
12:59 Scout Tower
13:13 Farm
13:23 Guard Tower
13:30 Guard Tower
» items
| Potion of Invisibility | 1 | |
| Scroll of Healing | 2 | |
| Potion of Lesser Invulnerability | 1 | |
4 total
team 2 (loser)

»
HoneyBlunt (
blue | 87 APM | 1215 actions | 13:53)
3 Death Knight
2 Death Coil
1 Unholy Aura
1 Lich
1 Frost Nova
» actions
| Assign group hotkey | 13 | |
| Basic commands | 6 | |
| Build / train | 33 | |
| ESC pressed | 3 | |
| Enter build submenu | 15 | |
| Enter hero's abilities submenu | 4 | |
| Right click | 662 | |
| Select / deselect | 230 | |
| Select group hotkey | 220 | |
| Use ability | 29 | |
1215 total
» units
| Acolyte | 10 | |
| Ghoul | 2 | |
| Crypt Fiend | 6 | |
| Obsidian Statue | 1 | |
19 total
» upgrades
» buildings
| Ziggurat | 7 | |
| Crypt | 1 | |
| Graveyard | 1 | |
| Altar of Darkness | 1 | |
| Tomb of Relics | 1 | |
| Nerubian Tower | 1 | |
| Halls of the Dead | 1 | |
| Spirit Tower | 3 | |
| Slaughterhouse | 1 | |
| Sacrificial Pit | 1 | |
| Black Citadel | 1 | |
19 total
» build order
00:07 Ziggurat
00:11 Crypt
00:42 Graveyard
00:56 Altar of Darkness
01:14 Ziggurat
01:41 Tomb of Relics
02:12 Nerubian Tower
03:18 Ziggurat
04:49 Halls of the Dead
05:16 Ziggurat
06:06 Spirit Tower
06:51 Ziggurat
06:51 Ziggurat
09:10 Slaughterhouse
09:44 Spirit Tower
09:45 Spirit Tower
10:04 Sacrificial Pit
11:47 Black Citadel
13:11 Ziggurat
» items
observersMortar-teaM Chat log
(01:16 / All) HoneyBlunt: gl hf
(01:20 / All) Turky: stfu inbred
(01:29 / All) HoneyBlunt: ur tough
(01:36 / All) Turky: and you are inbred
(01:56 / All) HoneyBlunt: ur a real intimidating guy
(02:26 / All) HoneyBlunt: im very afraid of losing to you
(13:42 / All) HoneyBlunt: gg turky
(13:49 / All) Turky: gg inbred